 Dungeon Crawl Stone Soup version 0.29-a0-270-g1586fc07ea (webtiles) character file.

Game seed: 14321886667466753929

755 drugrobin the Chopper (level 7, -7/60 HPs)
             Began as a Demigod Fighter on Mar 8, 2022.
             Mangled by a two-headed ogre
             ... wielding a +0 giant spiked club
              (23 damage)
             ... on level 5 of the Dungeon.
             The game lasted 00:09:04 (4485 turns).

drugrobin the Chopper (Demigod Fighter)             Turns: 4485, Time: 00:09:05

Health: -7/60      AC: 13    Str: 25    XL:     7   Next: 25%
Magic:  18/18      EV: 11    Int: 10    God:
Gold:   204        SH:  4    Dex: 13    Spells: 6/6 levels left

rFire   . . .      SeeInvis .   a - +0 war axe
rCold   + + .      Faith    .   c - +0 buckler
rNeg    . . .      Spirit   .   C - +0 chain mail
rPois   .          Reflect  .   (no helmet)
rElec   .          Harm     .   A - +1 cloak of the Garden {rC++ Will+}
rCorr   .          Rampage  .   v - +0 pair of gloves
Will    +....                   o - +0 pair of boots
Stlth   ..........              (no amulet)
HPRegen 0.20/turn               n - +4 ring of evasion
MPRegen 0.16/turn               y - ring of magical power

@: no status effects
A: high MP 1, forlorn, divine attributes
a: no special abilities


You were on level 5 of the Dungeon.
You visited 1 branch of the dungeon, and saw 5 of its levels.

You collected 204 gold pieces.

Inventory:

Hand Weapons
 a - a +0 war axe (weapon)
Missiles
 k - 98 stones
 z - 3 boomerangs (quivered)
Armour
 c - a +0 buckler (worn)
 o - a +0 pair of boots (worn)
 v - a +0 pair of gloves (worn)
 A - the +1 cloak of the Garden (worn) {rC++ Will+}
   (You found it on level 4 of the Dungeon)

   rC:        It greatly protects you from cold.
   Will:      It increases your willpower.
 C - a +0 chain mail (worn)
Jewellery
 n - a +4 ring of evasion (left hand)
 y - a ring of magical power (right hand)
Wands
 s - a wand of mindburst (15)
 x - a wand of acid (4)
Scrolls
 e - a scroll of teleportation {unknown}
 h - 2 scrolls of immolation {unknown}
 l - 2 scrolls of identify {unknown}
 m - a scroll of torment {unknown}
 q - a scroll of silence {unknown}
 t - 2 scrolls of blinking {unknown}
 u - a scroll of holy word {unknown}
 w - a scroll of enchant armour {unknown}
 B - a scroll of summoning {unknown}
Potions
 d - a potion of might
 f - 3 potions of lignification {unknown}
 g - a potion of flight {unknown}
 i - 3 potions of brilliance {unknown}
 j - a potion of attraction {unknown}
 p - 2 potions of heal wounds {unknown}
 r - a potion of degeneration {unknown}


   Skills:
 + Level 4.7 Fighting
 * Level 6.6 Axes
 - Level 1.0 Throwing
 - Level 2.6 Armour
 - Level 2.6 Shields


You had 6 spell levels left.
You didn't know any spells.
Your spell library contained the following spells:

 Spells                   Type           Power      Damage    Failure   Level
 Animate Skeleton         Necr           0%         N/A       98%         1
 Pain                     Necr           0%         1d4       98%         1
 Frozen Ramparts          Ice            0%         1d2       100%        3
 Vampiric Draining        Necr           0%         2d6       100%        3
 Ice Form                 Ice/Tmut       0%         N/A       100%        4
 Summon Ice Beast         Ice/Summ       0%         N/A       100%        4


Dungeon Overview and Level Annotations

Branches:
Dungeon (5/15)
 Temple: D:4-7

Shops:
D:4 =


Innate Abilities, Weirdness & Mutations

You have an increased reservoir of magic. (+10% MP)
You shall have no god before yourself.
Your divine heritage dramatically boosts your attributes as you level up.


Message History

Press: ? - help, Q - select action, (/) - cycle Shift-Dir - straight line, f/p - scorpion
Aim: a scorpion (59% to hit)
You throw a boomerang. The boomerang hits the scorpion.
The scorpion is moderately wounded.
Unknown command.
You closely miss the scorpion.
The scorpion is moderately wounded.
The scorpion stings you.
You slash the scorpion!
The scorpion is almost dead.
The scorpion stings you but does no damage.
The scorpion closely misses you.
You hit the scorpion.
You kill the scorpion!
A two-headed ogre comes into view.
It is wielding a +0 giant spiked club and a +0 giant club.
The two-headed ogre shouts in stereo!
Aiming: Mindburst
Press: ? - help, Shift-Dir - straight line, f - two-headed ogre
Aim: a two-headed ogre, wielding a +0 giant spiked club and a +0 giant club (chance to affect: 47%)
The two-headed ogre's minds are blasted!
Unknown command.
Aiming: Mindburst
Press: ? - help, Shift-Dir - straight line, f/p - two-headed ogre
Aim: a two-headed ogre, wielding a +0 giant spiked club and a +0 giant club (moderately wounded, chance to affect: 47%)
The two-headed ogre resists with some effort.
Unknown command.
There is a stone staircase leading up, spattered with blood here.
Aiming: Mindburst
Press: ? - help, Shift-Dir - straight line, f/p - two-headed ogre
Aim: a two-headed ogre, wielding a +0 giant spiked club and a +0 giant club (moderately wounded, chance to affect: 47%)
The two-headed ogre's minds are blasted!
Unknown command.
The two-headed ogre attacks as you move away!
The two-headed ogre hits you with a +0 giant spiked club!
The two-headed ogre hits you with a +0 giant club!
* * * LOW HITPOINT WARNING * * *
There is a stone staircase leading up, spattered with blood here.
The two-headed ogre attacks as you move away!
The two-headed ogre hits you with a +0 giant spiked club!!
You die...

. .# #####.
## ##.... ...
##...##..#
#........#
#....# #<#.##
###@#.###.##
#...O........
#.#.#.###.###
#........
....#.#.###
.........#
......##....
.(.... ######
.....#


You could see a two-headed ogre.

Vanquished Creatures
  Edmund (D:4)
  Duvessa (D:4)
  A necrophage (D:4)
  A scorpion (D:5)
  Dowan (D:4)
  A killer bee (D:4)
  A howler monkey (D:4)
  A hound (D:3)
  A jelly (D:4)
  2 iguanas (D:4)
  2 gnolls
  9 adders
  2 worms (D:3)
  A dart slug (D:4)
  5 orcs
  8 endoplasms
  4 giant cockroaches
  3 goblins
  9 hobgoblins
  6 jackals
  2 quokkas
  5 ball pythons
  4 bats
  5 frilled lizards
  4 kobolds
  A rat (D:2)
81 creatures vanquished.

Vanquished Creatures (others)
  6 plants (D:4)
6 creatures vanquished.

Grand Total: 87 creatures vanquished

Notes
Turn   | Place    | Note
-------+----------+-------------------------------------------
     0 | D:1      | drugrobin the Demigod Fighter began the quest for the Orb.
     0 | D:1      | Reached XP level 1. HP: 18/18 MP: 3/3
    76 | D:1      | thanks dcss
    81 | D:1      | Reached skill level 2 in Axes
   546 | D:1      | Reached XP level 2. HP: 21/25 MP: 4/4
  1087 | D:2      | Reached skill level 3 in Axes
  1197 | D:2      | Reached XP level 3. HP: 23/30 MP: 5/5
  1958 | D:2      | Reached XP level 4. HP: 38/38 MP: 6/6
  2100 | D:3      | Reached skill level 4 in Axes
  3060 | D:4      | Reached XP level 5. HP: 39/45 MP: 7/7
  3275 | D:4      | Noticed Edmund
  3516 | D:4      | Reached skill level 5 in Axes
  3637 | D:4      | Reached XP level 6. HP: 42/52 MP: 8/8
  3710 | D:4      | Identified the +1 cloak of the Garden {rC++ Will+}
  3887 | D:4      | Noticed Duvessa
  3887 | D:4      | Noticed Dowan
  3894 | D:4      | Killed Dowan
  3897 | D:4      | Killed Duvessa
  3898 | D:4      | Reached skill level 1 in Throwing
  3898 | D:4      | Killed Edmund
  3899 | D:4      | Reached skill level 6 in Axes
  3899 | D:4      | Reached XP level 7. HP: 60/60 MP: 9/9
  3921 | D:4      | Found Huholism's Jewellery Emporium.
  4413 | D:5      | Entered Level 5 of the Dungeon
  4468 | D:5      | Noticed a two-headed ogre
  4485 | D:5      | Mangled by a two-headed ogre

Illustrated notes

#..#...#.#
#........#
.........#
##.########K#####
................#
#######'#######.#
#...).....K...#
#.###########.#
#.#....@..K.#K#
#.#.###.###.#.#
#.# #.....#.#.#
#.. #..<..#.K.#
#.# #.....#.#.#
#.# #######.#.#
........#.#
#########.# ..#


Turn 76 on D:1: thanks dcss

Levels and vault maps discovered:
D:1:      matt_arrival_refuge, layout_loops_ring
D:2:      layout_loops_ring, hellmonk_ecumenical_altar_crossroads
D:3:      layout_basic
D:4:      layout_loops_ring, mainiacjoe_overflow_alcove_4, serial_shops, shop,
          guppyfry_early_lair_pool, uniq_edmund, uniq_duvessa
D:5:      layout_loops_ring, portal_sewer_entry_e, uniq_pikel

Skill      XL: |  1  2  3  4  5  6 |
---------------+-------------------+-----
Axes           | 2 3 4 5 6 |  6.6
Fighting       | 3 4 |  4.7
Throwing       | 1 |  1.0
Armour         | |  2.6
Shields        | |  2.6

Action                   |  1- 3 |  4- 6 |  7- 9 || total
-------------------------+-------+-------+-------++-------
Melee: War axe           |   124 |   118 |    17 ||   259
Throw: Stone             |    23 |    20 |       ||    43
       Boomerang         |       |    12 |     1 ||    13
       Dart              |       |       |     2 ||     2
Evoke: Wand              |       |     5 |     3 ||     8
Armor: Scale mail        |    57 |    44 |       ||   101
       Chain mail        |       |       |     5 ||     5
Dodge: Dodged            |    73 |    71 |     3 ||   147
Block: Buckler           |    20 |    32 |     3 ||    55

Table legend: (Time is in decaauts)
 A = Elapsed time spent in this place.
 B = Non-inter-level travel time spent in this place.
 C = Inter-level travel time spent in this place.
 D = Time resting spent in this place.
 E = Time spent auto-exploring this place.
 F = Levels seen in this place.
 G = Mean time per level.
                   A        B        C        D        E       F      G
               +--------+--------+--------+--------+--------+-----+--------+
         Total |   4592 |   4296 |    296 |    960 |   2213 |   5 |  918.4 |
       Dungeon |   4592 |   4296 |    296 |    960 |   2213 |   5 |  918.4 |
               +--------+--------+--------+--------+--------+-----+--------+

Top non-repeatable levels by time:
     D:4: 1427 daAuts
     D:2: 1162 daAuts
     D:1: 1102 daAuts
     D:3: 867 daAuts
     D:5: 32 daAuts
